cohdb
Replays
Latest Replays
All Replays
Popular Replays
Top Player Replays
Match Explorer
How It Works
Community
CoH3 Stats
Reddit
Sign in to upload your games and track your stats! →
Sign in with Steam
Match 28505594
Unlisted
Match 28505594
Overview
Messages
Build Orders
End
Construct Section Command Post
Selects Australian Defense Battlegroup
Selects Australian Light Infantry Section
Australian Light Infantry Section
Dingo Light Scout Car
Australian Light Infantry Section
Construct Field Infirmary
Vickers Machine Gun Team
Selects 2-pounder Anti-tank Gun Team
2-pounder Anti-tank Gun Team
Construct Platoon Command Post
Unlock M3 Stuart Light Tanks
M3 Stuart Light Tank
M3 Stuart Light Tank
Selects CMP 15cwt Supply Run
Construct Company Command Post
X-RAY77
CTop
bakedtester
crowey
iAinEng
TreyRoc
暗黑天帝
Akaxiya
0
0
Comments
sign in to comment!
No comments posted yet!